AoeStats
← Tunga

Arabia

505875885Analyzed
1v1 RM · 21d ago on Sep 11, 2026· 46m 18s· 2 players
Game mode
Random Map
Map size
Tiny (2 player)
Population
200
Speed
Normal
Resources
Standard
Victory
Conquest
Starting age
Dark Age
Ending age
Imperial Age
RankedLock teamsTeams togetherTeam positionsShared explorationLock speedFull tech treeHidden civsTurbo modeCheats
Victory
Defeat
🇸🇰 Teutons · Slovakia
782
+15
🇹🇷 Japanese · Türkiye
760
-15
Tunga
6:40 Loom
20:33 Feudal Age
22:09 Wheelbarrow
21:34 Double-Bit Axe
25:22 Bloodlines
29:44 Scale Barding Armor
29:50 Forging
37:55 Castle Age
36:37 Gold Mining
39:03 Pikeman
39:43 Squires
sam
7:13 Loom
11:34 Feudal Age
21:47 Fletching
22:31 Double-Bit Axe
22:51 Horse Collar
30:36 Castle Age
32:41 Bloodlines
33:34 Forging
33:29 Scale Barding Armor
38:35 Iron Casting
40:37 Chain Barding Armor
44:17 Bodkin Arrow
Connection lost

Rejoining the realm…

Still unreachable

The connection could not be restored.

Session expired

The server has moved on; the page needs a fresh start.